 Dungeon Crawl Stone Soup version 0.20.0-14-g326068f (webtiles) character file.

136 Revguard the Sneak (level 4, 0/33 HPs)
             Began as a Vampire Assassin on June 8, 2017.
             Slain by a scorpion (2 damage)
             ... on level 5 of the Dungeon.
             The game lasted 00:28:44 (2748 turns).

Revguard the Sneak (Vampire Assassin)               Turns: 2748, Time: 00:28:45

Health: 0/33       AC:  5    Str: 15    XL:     4   Next: 98%
Magic:  4/4        EV: 12    Int: 13    God:
Gold:   167        SH:  0    Dex: 16    Spells: 3/3 levels left

rFire    . . .     SeeInvis +   a - +2 dagger
rCold    . . .     Gourm    .   (no shield)
rNeg     . . .     Faith    .   n - +0 leather armour
rPois    .         Spirit   .   (no helmet)
rElec    .         Reflect  .   d - +0 cloak
rCorr    .         Harm     .   o - +0 pair of gloves
MR       .....                  (no boots)
Stlth    ++++......             (no amulet)
Regen    0.4/turn               (no ring)
MPRegen  0.1/turn               (no ring)

@: mighty, marked, flying, regenerating quickly
A: fangs 3, see invisible, unbreathing
a: no special abilities


You were on level 5 of the Dungeon.
You were very full.

You visited 1 branch of the dungeon, and saw 4 of its levels.

You collected 167 gold pieces.

Inventory:

Hand Weapons
 a - a +2 dagger (weapon)
 b - a +0 blowgun
 m - a +0 whip of venom
Missiles
 e - 29 poisoned needles
 f - 7 curare-tipped needles
Armour
 c - a +0 robe
 d - a +0 cloak (worn)
 n - a +0 leather armour (worn)
 o - a +0 pair of gloves (worn)
Scrolls
 i - a scroll of magic mapping
 l - 3 scrolls of enchant weapon
 q - a scroll of remove curse
Potions
 g - 7 potions of blood
 h - a potion of curing


   Skills:
 + Level 2.2 Fighting
 + Level 3.1 Short Blades
 - Level 1.7 Throwing
 + Level 2.0 Dodging
 + Level 7.9 Stealth
 * Level 1.0 Unarmed Combat


You had 3 spell levels left.
You didn't know any spells.

Dungeon Overview and Level Annotations

Branches:
Dungeon (3/15)

Altars:


Innate Abilities, Weirdness & Mutations

Your natural rate of healing is unusually fast.
You have razor-sharp teeth.
You have supernaturally acute eyesight. (SInv)
You can survive without breathing.


Message History

As you read the scroll labeled CALERA JEOGALY, it crumbles to dust.
It is a scroll of amnesia.
You feel forgetful for a moment. The jackal completely misses you.
The jackal misses you. The shadow imp misses you. The jackal barely misses you.
It was a potion of might.
You feel very mighty all of a sudden. The jackal bites you.
* * * LOW HITPOINT WARNING * * *
The shadow imp barely misses you.
The jackal bites you but does no damage.
The jackal misses you.
It was a potion of flight.
You feel very buoyant.
You fly up into the air.
The centaur zombie misses you. The jackal closely misses you.
The shadow imp gestures at you. Pain shoots through your body!
* * * LOW HITPOINT WARNING * * *
The scorpion stings you.
You die...

#. . # .#
#.##.#####.#
.....>....#
##.##.###.#.#
......Zh....#
##.####5h...##
......Z@h....#
##.###..s....#
#.......#
.........#
##..##.#..#
#.. #.#..# #..
.....# #..
....#


You could see a scorpion, a shadow imp, a centaur zombie, 3 jackals and a
bullfrog skeleton.

Vanquished Creatures
  A bullfrog skeleton (D:3)
  A gnoll (D:1)
  2 adders (D:2)
  An ooze (D:1)
  3 worms
  5 leopard geckos
  5 orcs (D:3)
  4 goblins
  6 hobgoblins
  3 jackals (D:2)
  5 bats
  8 frilled lizards
  8 kobolds
  9 rats
61 creatures vanquished.

Notes
Turn   | Place    | Note
-------+----------+-------------------------------------------
     0 | D:1      | Revguard the Vampire Assassin began the quest for the Orb.
     0 | D:1      | Reached XP level 1. HP: 16/16 MP: 1/1
   168 | D:1      | Reached skill level 6 in Stealth
   300 | D:1      | Reached XP level 2. HP: 12/22 MP: 2/2
   583 | D:1      | Reached XP level 3. HP: 27/27 MP: 3/3
   672 | D:1      | Reached skill level 7 in Stealth
   946 | D:2      | HP: 1/27 [worm (6)]
  1459 | D:2      | Reached XP level 4. HP: 28/33 MP: 4/4
  2304 | D:3      | Reached skill level 1 in Unarmed Combat
  2721 | D:3      | You fall through a shaft for 2 floors!
  2721 | D:5      | Entered Level 5 of the Dungeon
  2748 | D:5      | Slain by a scorpion

Skill      XL: |  1  2  3  4 |
---------------+-------------+-----
Stealth        | 6 7 |  7.9
Fighting       | 2 |  2.2
Short Blades   | 3 |  3.1
Unarmed Combat | 1 |  1.0
Dodging        | 2 |  2.0
Throwing       | |  1.7

Action                   |  1- 3 |  4- 6 || total
-------------------------+-------+-------++-------
Melee: Dagger            |    73 |    92 ||   165
       Unarmed           |     9 |    24 ||    33
       Bite              |     3 |    12 ||    15
 Fire: Blowgun           |     8 |     4 ||    12
 Abil: End Transformatio |     1 |     1 ||     2
       Bat Form          |     1 |     1 ||     2
  Use: Scroll            |     5 |     3 ||     8
       Potion            |     4 |    14 ||    18
 Stab: Sleeping          |    13 |     4 ||    17
Armor: Robe              |    17 |     7 ||    24
       Leather armour    |       |    11 ||    11
Dodge: Dodged            |    56 |    82 ||   138
